 Dungeon Crawl Stone Soup version 0.24.1-14-gf8d2b509d9 (webtiles) character file.

Game seed: 1026577448824662922, levelgen mode: deterministic

4133 Glundar the Cleaver (level 10, -3/88 HPs)
             Began as a Minotaur Fighter on May 21, 2020.
             Was a Priest of Okawaru.
             Slain by a four-headed hydra (10 damage)
             ... on level 8 of the Dungeon.
             The game lasted 00:34:16 (8538 turns).

Glundar the Cleaver (Minotaur Fighter)              Turns: 8538, Time: 00:34:17

Health: -3/88      AC: 15    Str: 23    XL:     10   Next: 6%
Magic:  9/9        EV:  7    Int:  5    God:    Okawaru [***...]
Gold:   239        SH:  0    Dex: 11    Spells: 9/9 levels left

rFire    . . .     SeeInvis .   b - +0 hunting sling
rCold    . . .     Gourm    .   (no shield)
rNeg     . . .     Faith    .   q - +0 plate armour
rPois    .         Spirit   .   (helmet restricted)
rElec    .         Reflect  .   (no cloak)
rCorr    .         Harm     .   (no gloves)
MR       .....                  y - +0 pair of boots
Stlth    ..........             (no amulet)
HPRegen  0.24/turn              o - ring of flight
MPRegen  0.11/turn              (no ring)

@: studying Charms
A: retaliatory headbutt, horns 2
a: Heroism, Renounce Religion, Evoke Flight


You were on level 8 of the Dungeon.
You worshipped Okawaru.
Okawaru was most pleased with you.
You were not hungry.

You visited 2 branches of the dungeon, and saw 9 of its levels.

You collected 383 gold pieces.
You spent 144 gold pieces at shops.

Inventory:

Hand Weapons
 a - a +0 war axe
 b - a +0 hunting sling (weapon)
 j - a +5 battleaxe of freezing
 D - a +4 hand axe
Missiles
 t - 48 sling bullets (quivered)
Armour
 c - a +0 shield
 q - a +0 plate armour (worn)
 y - a +0 pair of boots (worn)
Jewellery
 o - a ring of flight (left hand)
 F - a cursed -4 ring of intelligence {unknown}
Wands
 p - a wand of acid (9)
 A - a wand of digging (3)
Scrolls
 g - 11 scrolls of teleportation
 i - 7 scrolls of identify
 k - 5 scrolls of remove curse
 m - a scroll of blinking {unknown}
 n - 3 scrolls of enchant armour {unknown}
 r - 2 scrolls of magic mapping {unknown}
 s - a scroll of fog {unknown}
 w - a scroll of noise {unknown}
 B - 2 scrolls of enchant weapon {unknown}
Potions
 d - a potion of might
 e - 3 potions of lignification {unknown}
 h - 2 potions of agility {unknown}
 l - 3 potions of magic {unknown}
 u - 3 potions of cancellation
 v - a potion of experience {unknown}
 z - a potion of resistance {unknown}
 C - a potion of flight {unknown}
 E - a potion of curing {unknown}
 G - a potion of invisibility {unknown}
 H - 2 potions of brilliance
 I - a potion of mutation {unknown}
Books
 x - a manual of Charms
Comestibles
 f - 18 rations
 J - 3 chunks of flesh


   Skills:
 + Level 8.1 Fighting
 + Level 9.8 Axes
 + Level 4.2 Slings
 + Level 9.2 Armour
 - Level 1.0 Dodging
 - Level 0.3 Stealth
 + Level 8.9 Shields


You had 9 spell levels left.
You didn't know any spells.
Your spell library contained the following spells:

 Spells                   Type           Power        Failure   Level  Hunger
 Corona                   Hex            #......      100%        1    ##.....
 Ensorcelled Hibernation  Hex/Ice        #.....       100%        2    ###....
 Confuse                  Hex            #.......     100%        3    ####...
 Dazzling Spray           Conj/Hex       #.....       100%        3    ####...
 Tukima's Dance           Hex            #.......     100%        3    ####...
 Bolt of Magma            Conj/Fire/Erth #.........   100%        5    ######.
 Iskenderun's Battlesphe  Conj/Chrm      #.......     100%        5    ######.
 Venom Bolt               Conj/Pois      #.........   100%        5    ######.
 Iron Shot                Conj/Erth      #.........   100%        6    #######
 Orb of Destruction       Conj           #.........   100%        7    #######
 Spellforged Servitor     Conj/Summ      #.........   100%        7    #######


Dungeon Overview and Level Annotations

Branches:
Dungeon (8/15)             Temple (1/1) D:5
   Lair: D:8-11

Altars:
Ashenzari
Dithmenos
Elyvilon
Fedhas
Gozag
Hepliaklqana
Kikubaaqudgha
Makhleb
Nemelex Xobeh
Okawaru
Ru
Sif Muna
Trog
Uskayaw
Vehumet
Wu Jian
Xom
Yredelemnul
Zin

Shops:
D:7 *


Innate Abilities, Weirdness & Mutations

You reflexively headbutt those who attack you in melee.
You have a pair of horns on your head.


Message History

The sling bullet completely misses the four-headed hydra.
The sling bullet barely misses the big kobold.
The four-headed hydra bites you but does no damage. x3
The four-headed hydra bites you!
* * * LOW HITPOINT WARNING * * *
Firing (i - inventory)
t - 49 sling bullets (quivered)
Press: ? - help, Shift-Dir - straight line, f/p - four-headed hydra
Aim: a four-headed hydra (severely wounded)
You shoot a sling bullet.
The sling bullet hits the four-headed hydra.
The four-headed hydra is severely wounded.
The four-headed hydra bites you!
* * * LOW HITPOINT WARNING * * *
The four-headed hydra barely misses you. x2
The four-headed hydra bites you but does no damage.
Unknown command.
It was a potion of cancellation.
You feel magically purged.
The four-headed hydra barely misses you.
The four-headed hydra bites you!
You die...

####)#####
#.≈.≈.≈PP#
#......≈P#
#.....P≈≈#
#..P..≈≈P#
#.....P≈.#
##'''###+#
#....[#.)#
#....@DK(#
##########


You could see a four-headed hydra and a big kobold.

Vanquished Creatures
  2 dream sheep (D:8)
  2 yaks (D:8)
  A hungry ghost (D:8)
  A hornet zombie (D:8)
  4 orc warriors
  An ice beast (D:7)
  A black bear (D:7)
  4 ogres
  A crocodile (D:8)
  4 big kobolds
  2 bullfrogs
  A scorpion (D:4)
  A wyvern skeleton (D:6)
  4 killer bees (D:6)
  8 wights
  3 howler monkeys (D:7)
  3 crimson imps
  A bullfrog zombie (D:4)
  8 orc wizards
  A hound (D:7)
  3 jellies (D:5)
  4 orc priests
  Jessica (D:3)
  4 iguanas
  5 worker ants
  A worker ant zombie (D:4)
  A gnoll (D:4)
  11 adders
  3 shadow imps
  An adder skeleton (D:4)
  3 adder zombies
  3 worms
  5 leopard geckos
  39 orcs
  5 bats
  9 giant cockroaches
  3 hobgoblins
  12 jackals
  17 kobolds
  4 quokkas
  A ball python skeleton (D:4)
  5 frilled lizards
  7 goblins
  A jackal skeleton (D:4)
  4 rats
  2 plants (D:3)
207 creatures vanquished.

Notes
Turn   | Place    | Note
-------+----------+-------------------------------------------
     0 | D:1      | Glundar the Minotaur Fighter began the quest for the Orb.
     0 | D:1      | Reached XP level 1. HP: 19/19 MP: 0/0
    97 | D:1      | Reached XP level 2. HP: 27/27 MP: 1/1
   667 | D:2      | Found a shadowy altar of Dithmenos.
   674 | D:2      | Reached XP level 3. HP: 33/33 MP: 2/2
   826 | D:2      | Found a hazy altar of Hepliaklqana.
  1108 | D:2      | Reached XP level 4. HP: 38/40 MP: 3/3
  1788 | D:3      | Noticed Jessica
  1792 | D:3      | Killed Jessica
  1826 | D:3      | Found a sparkling altar of Nemelex Xobeh.
  1933 | D:3      | Reached XP level 5. HP: 34/47 MP: 4/4
  2333 | D:3      | Reached skill level 5 in Armour
  2333 | D:3      | Reached skill level 5 in Shields
  3095 | D:4      | Reached XP level 6. HP: 32/53 MP: 5/5
  3102 | D:4      | Reached skill level 5 in Axes
  3410 | D:4      | Reached skill level 5 in Fighting
  3410 | D:4      | Reached XP level 7. HP: 60/61 MP: 6/6
  3967 | D:5      | Entered Level 5 of the Dungeon
  4237 | D:5      | Found a staircase to the Ecumenical Temple.
  4249 | Temple   | Entered the Ecumenical Temple
  4264 | Temple   | Became a worshipper of Warmaster Okawaru
  4515 | D:5      | Found a white marble altar of Elyvilon.
  5061 | D:5      | Reached XP level 8. HP: 69/69 MP: 7/7
  5855 | D:6      | Reached * piety under Okawaru
  6389 | D:6      | Reached skill level 1 in Dodging
  6943 | D:7      | Found Wisk's General Store.
  6966 | D:7      | Bought a scroll of identify for 24 gold pieces
  6966 | D:7      | Bought 2 scrolls of remove curse for 72 gold pieces
  6966 | D:7      | Bought a potion of brilliance for 48 gold pieces
  7131 | D:6      | Reached skill level 1 in Slings
  7131 | D:6      | Reached XP level 9. HP: 37/78 MP: 8/8
  7330 | D:7      | Reached ** piety under Okawaru
  7829 | D:8      | Noticed a two-headed ogre
  8229 | D:8      | Reached *** piety under Okawaru
  8245 | D:8      | Reached XP level 10. HP: 28/88 MP: 9/9
  8521 | D:8      | Noticed a three-headed hydra
  8538 | D:8      | Slain by a four-headed hydra

Levels and vault maps discovered:
D:1:      roderic_crossed_star, layout_basic
D:2:      layout_loops_ring, lemuel_coloured_pillars_altar,
          nicolae_dithmenos_through_a_glass_darkly
D:3:      minmay_diamond_boxcup, layout_basic, serial_forest,
          infiniplex_forest_clump_large, infiniplex_forest_straight_2,
          infiniplex_forest_clump_small, infiniplex_forest_corner_1,
          infiniplex_forest_side_room, infiniplex_forest_fountain,
          infiniplex_forest_clump_medium, infiniplex_forest_clump_tiny,
          first_ration, corexii_hall_statues_deadend,
          nemelex_lonely_heart_becter, uniq_jessica
D:4:      cheibrodos_barr_body, layout_rooms, minmay_manual_mess
D:5:      layout_basic, old_standard_altar, minmay_temple_entry_glassed_door,
          kennysheep_generic_room_12
D:6:      layout_basic
D:7:      layout_cave_pools, serial_shops, shop
D:8:      layout_loops_cross, nicolae_qazlal_style_of_elements, serial_shops,
          shop, hangedman_ranch [blue_anna_fruit_fields]
Temple:   eino_temple_scatter_basement

Skill      XL: |  1  2  3  4  5  6  7  8  9 |
---------------+----------------------------+-----
Fighting       | 4 5 6 8 |  8.1
Shields        | 4 5 6 7 8 |  8.9
Armour         | 4 5 6 7 9 |  9.2
Axes           | 3 4 5 7 8 9 |  9.8
Dodging        | 1 |  1.0
Slings         | 1 4 |  4.2
Stealth        | |  0.3

Action                   |  1- 3 |  4- 6 |  7- 9 | 10-12 || total
-------------------------+-------+-------+-------+-------++-------
Melee: War axe           |    70 |   173 |   355 |       ||   598
       Headbutt          |     8 |    34 |    75 |     5 ||   122
       Battleaxe         |       |       |    49 |    14 ||    63
 Fire: Hunting sling     |       |       |    32 |    11 ||    43
  Use: Scroll            |     2 |     1 |       |       ||     3
       Potion            |       |     1 |     4 |     1 ||     6
  Eat: Chunk             |     1 |     5 |    11 |     1 ||    18
       Ration            |       |     1 |     3 |       ||     4
Armor: Scale mail        |    19 |       |       |       ||    19
       Ring mail         |     9 |     5 |       |       ||    14
       Plate armour      |       |    93 |   204 |    35 ||   332
Dodge: Dodged            |    21 |    35 |    85 |    12 ||   153
Block: Shield            |    38 |    78 |   202 |       ||   318
